SNL (28 & UNDER)
NEW HAMPSHIRE FISHER CATS @ MONTGOMERY BISCUITS
05/21/2024
 
TOP OF THE 1ST
New Hampshire Fisher Cats batting - Pitching for Montgomery Biscuits : RHP Scott Walker
Pitching: RHP Scott Walker
Batting: LHB Héctor Rentería 0-0: Ball
1-0: SINGLE (Groundball, 56D)
Batting: RHB Tim Robertson 0-0: Ball
1-0: Called Strike
Héctor Rentería is caught stealing 2nd base
1-1: Swinging Strike
1-2: Ball
2-2: Foul Ball, location: 2F
2-2: Fly out, F3 (Line Drive, 3S)
Batting: RHB Billy Campbell 0-0: Ball
1-0: Ground out 4-3 (Groundball, 4)
Top of the 1st over - 0 run(s), 1 hit(s), 0 error(s), 0 left on base; New Hampshire 0 - Montgomery 0
BOTTOM OF THE 1ST
Montgomery Biscuits batting - Pitching for New Hampshire Fisher Cats : RHP Ralph Willaims
Pitching: RHP Ralph Willaims
Batting: RHB Gabriel Miranda 0-0: DOUBLE (Line Drive, 8LM)
Batting: RHB Manny Sánchez 0-0: Ball
1-0: Ball
2-0: Ball
3-0: Base on Balls
Batting: SHB Andrew Curran 0-0: Swinging Strike
0-1: Swinging Strike
0-2: Ball
1-2: Ball
Wild Pitch!
Gabriel Miranda to third
Manny Sánchez to second
2-2: Ball
3-2: Foul Ball, location: 2F
3-2: Fly out, F7 (Flyball, 7LM)
Runner from 3rd tags up, SCORES, throw made
Batting: RHB Pete Smith 0-0: Ball
1-0: Ball
2-0: Called Strike
2-1: Fly out, F4 (Popup, 9S)
Batting: RHB Jean-Paul St-Pierre 0-0: SINGLE (Groundball, 34D)
Manny Sánchez to third
Runner from 3rd tries for Home, SAFE, throw made home
Jean-Paul St-Pierre to second
Batting: RHB Dave Dawson Pickoff Throw to Second - Out!
Bottom of the 1st over - 2 run(s), 2 hit(s), 0 error(s), 0 left on base; New Hampshire 0 - Montgomery 2
TOP OF THE 2ND
New Hampshire Fisher Cats batting - Pitching for Montgomery Biscuits : RHP Scott Walker
Batting: RHB Phil Matthews 0-0: Ball
1-0: Ball
2-0: Foul Ball, location: 2F
2-1: Swinging Strike
2-2: Ground out 6-3 (Groundball, 6)
Batting: RHB Júlio Trinidad 0-0: Called Strike
0-1: Ground out 6-3 (Groundball, 6M)
Batting: RHB Anthony Hezell 0-0: Ball
1-0: Ball
2-0: Ball
3-0: Base on Balls
Batting: RHB Felipe Rivas 0-0: Called Strike
Anthony Hezell steals 2nd base
0-1: Foul Ball, location: 2F
0-2: Ball
1-2: Ball
2-2: Ball
3-2: Foul Ball, location: 2F
3-2: Foul Ball, location: 2F
3-2: Base on Balls
Batting: RHB Gilberto Guzmán 0-0: Called Strike
0-1: SINGLE (Groundball, 4MD)
Anthony Hezell to third
Felipe Rivas to second
Runner from 3rd tries for Home, SAFE, no throw or cutoff
Batting: RHB Santiago Vallés 0-0: SINGLE (Line Drive, 7LS)
Felipe Rivas to third
Gilberto Guzmán to second
Runner from 3rd tries for Home, SAFE, no throw or cutoff
Batting: LHB Héctor Rentería 0-0: Called Strike
0-1: Ball
1-1: Fly out, F9 (Flyball, 89D)
Top of the 2nd over - 2 run(s), 2 hit(s), 0 error(s), 2 left on base; New Hampshire 2 - Montgomery 2
BOTTOM OF THE 2ND
Montgomery Biscuits batting - Pitching for New Hampshire Fisher Cats : RHP Ralph Willaims
Batting: RHB Dave Dawson 0-0: Ball
1-0: Swinging Strike
1-1: Ball
2-1: Ball
3-1: Foul Ball, location: 2F
3-2: Base on Balls
Batting: RHB Vicente Carona 0-0: Called Strike
0-1: Foul Ball, location: 2F
0-2: Grounds into double play, 5-4-3 (Groundball, 56)
Batting: RHB Larry Mitchell 0-0: DOUBLE (Flyball, 8LXD)
Batting: RHB Collin Smith 0-0: Called Strike
0-1: Ground out U3 (Groundball, 3S)
Bottom of the 2nd over - 0 run(s), 1 hit(s), 0 error(s), 1 left on base; New Hampshire 2 - Montgomery 2
TOP OF THE 3RD
New Hampshire Fisher Cats batting - Pitching for Montgomery Biscuits : RHP Scott Walker
Batting: RHB Tim Robertson 0-0: Called Strike
0-1: Ball
1-1: Called Strike
1-2: Ball
2-2: Ball
3-2: Base on Balls
Batting: RHB Billy Campbell 0-0: Called Strike
0-1: Grounds into double play, 1-6-3 (Groundball, 15)
Batting: RHB Phil Matthews 0-0: Ground out 4-3 (Groundball, 4)
Top of the 3rd over - 0 run(s), 0 hit(s), 0 error(s), 0 left on base; New Hampshire 2 - Montgomery 2
BOTTOM OF THE 3RD
Montgomery Biscuits batting - Pitching for New Hampshire Fisher Cats : RHP Ralph Willaims
Batting: RHB Gabriel Miranda 0-0: Called Strike
0-1: Ball
1-1: Swinging Strike
1-2: Ball
2-2: DOUBLE (Line Drive, 7LM)
Batting: RHB Manny Sánchez 0-0: Ball
1-0: Ball
2-0: Called Strike
2-1: Swinging Strike
2-2: Strikes out swinging
Batting: SHB Andrew Curran 0-0: Ball
1-0: Ball
2-0: Swinging Strike
2-1: Swinging Strike
2-2: Foul Ball, location: 2F
2-2: Fly out, F3 (Popup, 3SF)
Batting: RHB Pete Smith 0-0: Swinging Strike
0-1: Ball
1-1: Swinging Strike
1-2: Foul Ball, location: 2F
1-2: Ball
Wild Pitch!
Gabriel Miranda to third
2-2: Ball
3-2: Strikes out swinging
Bottom of the 3rd over - 0 run(s), 1 hit(s), 0 error(s), 1 left on base; New Hampshire 2 - Montgomery 2
TOP OF THE 4TH
New Hampshire Fisher Cats batting - Pitching for Montgomery Biscuits : RHP Scott Walker
Batting: RHB Júlio Trinidad 0-0: Ball
1-0: Called Strike
1-1: Swinging Strike
1-2: Foul Ball, location: 2F
1-2: Ball
2-2: Strikes out looking
Batting: RHB Anthony Hezell 0-0: Ball
1-0: Ball
2-0: Ball
3-0: Called Strike
3-1: Foul Ball, location: 2F
3-2: SINGLE (Line Drive, 34D)
Batting: RHB Felipe Rivas 0-0: Ball
1-0: Grounds into double play, 4-6-3 (Groundball, 4)
Top of the 4th over - 0 run(s), 1 hit(s), 0 error(s), 0 left on base; New Hampshire 2 - Montgomery 2
BOTTOM OF THE 4TH
Montgomery Biscuits batting - Pitching for New Hampshire Fisher Cats : RHP Ralph Willaims
Batting: RHB Jean-Paul St-Pierre 0-0: Called Strike
0-1: Ball
1-1: Foul Ball, location: 2F
1-2: Ground out 1-3 (Groundball, 13S)
Batting: RHB Dave Dawson 0-0: Ball
1-0: Ground out 5-3 (Groundball, 5)
Batting: RHB Vicente Carona 0-0: Ball
1-0: SINGLE (Groundball, 56D)
Pitching: RHP Paul Ewing
Batting: RHB Larry Mitchell 0-0: Ball
1-0: Foul Ball, location: 2F
1-1: Ball
2-1: Foul Ball, location: 2F
2-2: Strikes out swinging
Bottom of the 4th over - 0 run(s), 1 hit(s), 0 error(s), 1 left on base; New Hampshire 2 - Montgomery 2
TOP OF THE 5TH
New Hampshire Fisher Cats batting - Pitching for Montgomery Biscuits : RHP Scott Walker
Batting: RHB Gilberto Guzmán 0-0: Called Strike
0-1: Swinging Strike
0-2: Foul Ball, location: 2F
0-2: Ball
1-2: Foul Ball, location: 2F
1-2: Ball
2-2: Ball
3-2: Strikes out looking
Batting: RHB Santiago Vallés 0-0: Ground out 3-1 (Groundball, 34)
Batting: LHB Héctor Rentería 0-0: Ball
1-0: Foul Ball, location: 2F
1-1: Ground out 4-3 (Groundball, 13)
Top of the 5th over - 0 run(s), 0 hit(s), 0 error(s), 0 left on base; New Hampshire 2 - Montgomery 2
BOTTOM OF THE 5TH
Montgomery Biscuits batting - Pitching for New Hampshire Fisher Cats : RHP Paul Ewing
Batting: RHB Collin Smith 0-0: Called Strike
0-1: Called Strike
0-2: Ball
1-2: Ball
2-2: Ball
3-2: Foul Ball, location: 2F
3-2: Foul Ball, location: 2F
3-2: Strikes out swinging
Batting: RHB Gabriel Miranda 0-0: Ball
1-0: Fly out, F7 (Flyball, 78D)
Batting: RHB Manny Sánchez 0-0: Called Strike
0-1: Ball
1-1: Ball
2-1: DOUBLE (Line Drive, 7D)
Batting: SHB Andrew Curran 0-0: Called Strike
0-1: Ball
1-1: Ball
2-1: Ball
3-1: Foul Ball, location: 2F
3-2: SINGLE (Groundball, 34D)
Manny Sánchez to third
Manny Sánchez scores
Batting: RHB Pete Smith 0-0: Ball
Wild Pitch!
Andrew Curran to second
1-0: Ball
Passed Ball!
Andrew Curran to third
2-0: Ball
3-0: Called Strike
3-1: Called Strike
3-2: Foul Ball, location: 2F
3-2: SINGLE (Line Drive, 7LS)
Andrew Curran scores
Batting: RHB Jean-Paul St-Pierre 0-0: Ball
1-0: Swinging Strike
1-1: Ball
2-1: Ground out 6-3 (Groundball, 6)
Bottom of the 5th over - 2 run(s), 3 hit(s), 0 error(s), 1 left on base; New Hampshire 2 - Montgomery 4
TOP OF THE 6TH
New Hampshire Fisher Cats batting - Pitching for Montgomery Biscuits : RHP Scott Walker
Batting: RHB Tim Robertson 0-0: Ball
1-0: Foul Ball, location: 2F
1-1: Ball
2-1: Swinging Strike
2-2: Strikes out swinging
Batting: RHB Billy Campbell 0-0: Ball
1-0: SINGLE (Line Drive, 4M)
Batting: RHB Phil Matthews 0-0: Ball
1-0: Grounds into double play, 6-4-3 (Groundball, 56)
Top of the 6th over - 0 run(s), 1 hit(s), 0 error(s), 0 left on base; New Hampshire 2 - Montgomery 4
BOTTOM OF THE 6TH
Montgomery Biscuits batting - Pitching for New Hampshire Fisher Cats : RHP Paul Ewing
Batting: RHB Dave Dawson 0-0: Ball
1-0: Foul Ball, location: 2F
1-1: Ball
2-1: Called Strike
2-2: Foul Ball, location: 2F
2-2: Fly out, F8 (Line Drive, 8LS)
Batting: RHB Vicente Carona 0-0: Ball
1-0: Ball
2-0: Swinging Strike
2-1: Swinging Strike
2-2: Ball
3-2: Base on Balls
Batting: RHB Larry Mitchell 0-0: Ball
1-0: Fly out, F8 (Flyball, 8LD)
Batting: RHB Collin Smith 0-0: Fly out, F9 (Flyball, 9M)
Bottom of the 6th over - 0 run(s), 0 hit(s), 0 error(s), 1 left on base; New Hampshire 2 - Montgomery 4
TOP OF THE 7TH
New Hampshire Fisher Cats batting - Pitching for Montgomery Biscuits : RHP Scott Walker
Batting: RHB Júlio Trinidad 0-0: Ball
1-0: Foul Ball, location: 2F
1-1: Called Strike
1-2: Foul Ball, location: 2F
1-2: Ground out 1-3 (Groundball, 23)
Batting: RHB Anthony Hezell 0-0: Ball
1-0: Ball
2-0: Called Strike
2-1: Foul Ball, location: 2F
2-2: Ball
3-2: Strikes out swinging
Batting: RHB Felipe Rivas 0-0: Ball
1-0: Fly out, F9 (Flyball, 9D)
Top of the 7th over - 0 run(s), 0 hit(s), 0 error(s), 0 left on base; New Hampshire 2 - Montgomery 4
BOTTOM OF THE 7TH
Montgomery Biscuits batting - Pitching for New Hampshire Fisher Cats : RHP Paul Ewing
Pitching: RHP Takechi Sayuki
Batting: RHB Gabriel Miranda 0-0: Foul Ball, location: 2F
0-1: Called Strike
0-2: Ball
1-2: Fly out, F8 (Line Drive, 89D)
Batting: RHB Manny Sánchez 0-0: Ball
1-0: Ball
2-0: Swinging Strike
2-1: Ball
3-1: Called Strike
3-2: Strikes out looking
Batting: SHB Andrew Curran 0-0: Ball
1-0: Called Strike
1-1: Ground out 1-3 (Groundball, 15)
Bottom of the 7th over - 0 run(s), 0 hit(s), 0 error(s), 0 left on base; New Hampshire 2 - Montgomery 4
TOP OF THE 8TH
New Hampshire Fisher Cats batting - Pitching for Montgomery Biscuits : RHP Scott Walker
Batting: RHB Gilberto Guzmán 0-0: Foul Ball, location: 2F
0-1: Ball
1-1: Swinging Strike
1-2: Foul Ball, location: 2F
1-2: Ground out 5-3 (Groundball, 56S)
Pitching: LHP Gonzalo Martínez
Batting: RHB Santiago Vallés 0-0: Ball
1-0: Ball
2-0: Called Strike
2-1: SINGLE (Line Drive, 9S)
Batting: LHB Héctor Rentería 0-0: Foul Ball, location: 2F
0-1: Swinging Strike
0-2: Strikes out swinging
Pitching: RHP Pedro Valdés
Batting: RHB Tim Robertson 0-0: Ball
1-0: SINGLE (Groundball, 4M)
Santiago Vallés to second
Runner from 2nd tries for 3rd, SAFE, throw made to third
Batting: RHB Billy Campbell 0-0: Ball
1-0: Ball
2-0: Swinging Strike
2-1: Foul Ball, location: 2F
2-2: Ball
3-2: Strikes out looking
Top of the 8th over - 0 run(s), 2 hit(s), 0 error(s), 2 left on base; New Hampshire 2 - Montgomery 4
BOTTOM OF THE 8TH
Montgomery Biscuits batting - Pitching for New Hampshire Fisher Cats : RHP Takechi Sayuki
Batting: RHB Pete Smith 0-0: Called Strike
0-1: Ball
1-1: Called Strike
1-2: Ball
2-2: Ball
3-2: Base on Balls
Batting: RHB Jean-Paul St-Pierre 0-0: Called Strike
0-1: Ball
1-1: Foul Ball, location: 2F
1-2: Fly out, F9 (Flyball, 89M)
Batting: RHB Dave Dawson 0-0: Ball
1-0: Foul Ball, location: 2F
1-1: Called Strike
1-2: SINGLE (Groundball, 56D)
Pete Smith to second
Batting: RHB Vicente Carona 0-0: Called Strike
0-1: Ball
1-1: Ball
2-1: Ball
3-1: Called Strike
3-2: Base on Balls
Pete Smith to third
Dave Dawson to second
Batting: RHB Larry Mitchell 0-0: Called Strike
0-1: Called Strike
0-2: Ball
1-2: Ball
2-2: Strikes out swinging
Pinch Hitting: SHB Terry O'Farrell 0-0: Ball
1-0: Ball
2-0: Called Strike
2-1: Foul Ball, location: 2F
2-2: Ball
3-2: Foul Ball, location: 2F
3-2: Fly out, F6 (Popup, 8RS)
Bottom of the 8th over - 0 run(s), 1 hit(s), 0 error(s), 3 left on base; New Hampshire 2 - Montgomery 4
TOP OF THE 9TH
New Hampshire Fisher Cats batting - Pitching for Montgomery Biscuits : RHP Pedro Valdés
Pitching: LHP Trevor Nichols
Now at SS: Dave Williams
Now in LF: Juan Díaz
Batting: RHB Phil Matthews 0-0: Called Strike
0-1: Ball
1-1: Foul Ball, location: 2F
1-2: Strikes out looking
Batting: RHB Júlio Trinidad 0-0: Ball
1-0: Ball
2-0: Ball
3-0: Base on Balls
Batting: RHB Anthony Hezell 0-0: Called Strike
0-1: SINGLE (Flyball, 7S)
Júlio Trinidad to second
Batting: RHB Felipe Rivas 0-0: Swinging Strike
0-1: Ball
1-1: Called Strike
1-2: Ball
2-2: Ball
3-2: Foul Ball, location: 2F
3-2: Ground out 5-3 (Groundball, 6S)
Júlio Trinidad to third
Anthony Hezell to second
Batting: RHB Gilberto Guzmán 0-0: Swinging Strike
0-1: Foul Ball, location: 2F
0-2: Strikes out swinging
Top of the 9th over - 0 run(s), 1 hit(s), 0 error(s), 2 left on base; New Hampshire 2 - Montgomery 4
This league is powered by Out of the Park Baseball, the baseball management simulation game for PC, Mac and Linux
Saturday, April 9th, 2016 - OOTP Baseball 16.8 Build 38